 Dungeon Crawl Stone Soup version 0.28-a0-1235-g7c8fac35f0 (webtiles) character file.

Game seed: 14029532607628077562

48 ChaosChampion the Skirmisher (level 3, -3/39 HPs)
             Began as an Ogre Warper on Dec 25, 2021.
             Killed from afar by Sigmund (7 damage)
             ... with a puff of flame
             ... on level 2 of the Dungeon.
             The game lasted 00:02:32 (3240 turns).

ChaosChampion the Skirmisher (Ogre Warper)          Turns: 3240, Time: 00:02:32

Health: -3/39      AC:  3    Str: 17    XL:     3   Next: 72%
Magic:  7/7        EV:  9    Int: 14    God:
Gold:   5          SH:  0    Dex:  8    Spells: 3/7 levels left

rFire   . . .      SeeInvis .   a - +0 mace
rCold   . . .      Faith    .   (no shield)
rNeg    . . .      Spirit   .   b - +0 robe
rPois   .          Reflect  .   (helmet restricted)
rElec   .          Harm     .   (no cloak)
rCorr   .          Rampage  .   (gloves unavailable)
Will    .....                   (boots unavailable)
Stlth   +.........              (no amulet)
HPRegen 0.13/turn               (no ring)
MPRegen 0.10/turn               (no ring)

@: no status effects
A: large, unfitting armour, tough skin 1
a: no special abilities


You were on level 2 of the Dungeon.
You visited 1 branch of the dungeon, and saw 2 of its levels.

You collected 5 gold pieces.

Inventory:

Hand Weapons
 a - a +0 mace (weapon)
Missiles
 d - 5 boomerangs of dispersal (quivered)
Armour
 b - a +0 robe (worn)
Scrolls
 c - a scroll of blinking
 e - a scroll of immolation {unknown}
 f - a scroll of identify {unknown}
 h - a scroll of fog {unknown}
Potions
 g - a potion of might {unknown}
 i - a potion of heal wounds {unknown}
 j - a potion of cancellation {unknown}


   Skills:
 * Level 3.8 Fighting
 + Level 2.2 Maces & Flails
 - Level 1.0 Throwing
 - Level 2.1 Dodging
 + Level 2.9 Spellcasting
 + Level 3.0 Translocations


You had 3 spell levels left.
You knew the following spells:

 Your Spells              Type           Power      Damage    Failure   Level
e - Passwall              Tmut/Erth      1%         N/A       32%         2
z - Blink                 Tloc           20%        N/A       10%         2

Your spell library contained the following spells:

 Spells                   Type           Power      Damage    Failure   Level
 Gell's Gravitas          Tloc           10%        N/A       19%         3
 Lesser Beckoning         Tloc           10%        N/A       19%         3
 Teleport Other           Tloc           10%        N/A       19%         3
 Sandblast                Erth           4%         2d4       22%         1
 Stone Arrow              Conj/Erth      4%         3d7       54%         3
 Manifold Assault         Tloc           10%        N/A       86%         5


Dungeon Overview and Level Annotations

Branches:
Dungeon (2/15)

Altars:

Annotations:
D:2 Sigmund


Innate Abilities, Weirdness & Mutations

You are too large for most types of armour.
You have tough skin. (AC +1)


Message History

You sock the ball python!
You kill the ball python!
No target in view!
No target in view!
No target in view!
No target in view!
No target in view!
No target in view!
There is a stone staircase leading down here.
You now have 5 gold pieces.
No target in view!
Sigmund points at you and mumbles some strange words.
The puff of flame hits you.
There is an open door here.
Press: ? - help, v - describe, . - travel
Here: Sigmund, wielding a +0 scythe and wearing a +0 robe The floor.
Sigmund is nearby!
Sigmund says, "I'm your fate." Sigmund barely misses you.
You closely miss Sigmund. Sigmund hits you with a +0 scythe!
You hit Sigmund but do no damage. Sigmund hits you with a +0 scythe!
You sock Sigmund!
Sigmund is moderately wounded.
Sigmund hits you with a +0 scythe.
You closely miss Sigmund.
Sigmund is moderately wounded.
Sigmund hits you with a +0 scythe.
* * * LOW HITPOINT WARNING * * *
Sigmund mumbles some strange words.
Sigmund flickers and vanishes!
Deactivating autopickup; reactivate with Ctrl-A.
A magic dart appears from out of thin air!
The magic dart hits you!
* * * LOW HITPOINT WARNING * * *
You see here a +0 robe.
Something tries to affect you, but you resist.
A puff of flame appears from out of thin air!
The puff of flame hits you!
You die...

### #.# #.# #.## #..# ######..#
#....#..############
#.##.##...{..[..@..#
#.##.....#########.#
#.####...##......# #
#.#.......#.####.# ############
#.#.####..#.####.# ##...@.......
#.#.#............# #..#########.
#.#.#.......######.##.###........
#.#.#.#............##.##..8...8.@
#.#.#.......#########.#..........


There were no monsters in sight!

Vanquished Creatures
  2 dart slugs (D:1)
  2 orcs
  7 ball pythons
  3 bats (D:1)
  2 endoplasms (D:1)
  5 goblins
  3 hobgoblins (D:1)
  2 jackals (D:2)
  A kobold (D:1)
  2 quokkas (D:1)
  3 frilled lizards (D:1)
  7 rats
39 creatures vanquished.

Notes
Turn   | Place    | Note
-------+----------+-------------------------------------------
     0 | D:1      | ChaosChampion the Ogre Warper began the quest for the Orb.
     0 | D:1      | Reached XP level 1. HP: 22/22 MP: 3/3
   615 | D:1      | Reached XP level 2. HP: 28/31 MP: 5/5
  1405 | D:1      | Reached XP level 3. HP: 37/37 MP: 7/7
  2305 | D:2      | Learned a level 2 spell: Blink
  2308 | D:2      | Learned a level 2 spell: Passwall
  2351 | D:2      | Noticed Sigmund
  2741 | D:2      | Found a faded altar of an unknown god.
  3240 | D:2      | Killed from afar by Sigmund

Illustrated notes

Levels and vault maps discovered:
D:1:      dpeg_arrival_tiny_k, layout_loops_corners
D:2:      cheibrodos_pilgrimage, layout_basic,
          dilly_ecumenical_altar_fadedgnrine, minmay_misc_feat_diagonals,
          chequers_serial_rivers_large_a, minivault_5, uniq_sigmund

Skill      XL: |  1  2  3 |
---------------+----------+-----
Fighting       | 3 |  3.8
Maces & Flails | 2 |  2.2
Translocations | 3 |  3.0
Throwing       | |  1.0
Dodging        | |  2.1
Spellcasting   | |  2.9

Action                   || total
-------------------------++-------
Melee: Mace              ||   143
 Stab: Sleeping          ||     1
Armor: Robe              ||    55
Dodge: Dodged            ||    95

Table legend: (Time is in decaauts)
 A = Elapsed time spent in this place.
 B = Non-inter-level travel time spent in this place.
 C = Inter-level travel time spent in this place.
 D = Time resting spent in this place.
 E = Time spent auto-exploring this place.
 F = Levels seen in this place.
 G = Mean time per level.
                   A        B        C        D        E       F      G
               +--------+--------+--------+--------+--------+-----+--------+
         Total |   3291 |   3225 |     66 |    879 |   1803 |   2 | 1645.5 |
       Dungeon |   3291 |   3225 |     66 |    879 |   1803 |   2 | 1645.5 |
               +--------+--------+--------+--------+--------+-----+--------+

Top non-repeatable levels by time:
     D:1: 2405 daAuts
     D:2: 885 daAuts
